 Dungeon Crawl Stone Soup version 0.22.0-75-g3901e7991e (webtiles) character file.

25 4FPSwarrior the Slasher (level 2, -7/24 HPs)
             Began as a Demonspawn Abyssal Knight on Sept 13, 2018.
             Was a Follower of Lugonu.
             Killed by divine providence
             ... invoked by an orc priest
              (10 damage)
             ... on level 2 of the Dungeon.
             The game lasted 00:03:43 (1170 turns).

4FPSwarrior the Slasher (Demonspawn Abyssal Knight) Turns: 1170, Time: 00:03:44

Health: -7/24      AC:  5    Str: 11 (12) XL:     2   Next: 82%
Magic:  3/3        EV: 10    Int: 12 (13) God:    Lugonu [*.....]
Gold:   72         SH:  0    Dex:  9 (12) Spells: 1/1 levels left

rFire    . . .     SeeInvis .   a - +1 falchion
rCold    . . .     Gourm    .   (no shield)
rNeg     . . .     Faith    .   g - +0 ring mail
rPois    .         Spirit   .   (helmet restricted)
rElec    .         Reflect  .   (no cloak)
rCorr    .         Harm     .   (no gloves)
MR       .....                  (no boots)
Stlth    ..........             (no amulet)
HPRegen  0.08/turn              (no ring)
MPRegen  0.08/turn              (no ring)

@: confused
A: horns 1
a: Depart the Abyss, Renounce Religion


You were on level 2 of the Dungeon.
You worshipped Lugonu.
Lugonu was aware of your devotion.
You were not hungry.

You visited 1 branch of the dungeon, and saw 2 of its levels.
You visited the Abyss 1 time.

You collected 72 gold pieces.

Inventory:

Hand Weapons
 a - a +1 falchion (weapon)
Missiles
 e - 41 stones (quivered)
Armour
 b - a +0 leather armour
 g - a +0 ring mail (worn)
Scrolls
 f - a scroll of enchant weapon {unknown}
 i - 2 scrolls of teleportation {unknown}
 k - 2 scrolls of identify {unknown}
 l - a scroll of remove curse {unknown}
 m - a scroll of fear {unknown}
Potions
 d - a potion of degeneration
 j - a potion of agility {unknown}
Comestibles
 c - 6 rations
 h - 2 chunks of flesh


   Skills:
 - Level 3.0 Fighting
 + Level 3.1 Long Blades
 - Level 1.7 Armour
 - Level 0.8 Dodging
 - Level 2.4 Invocations


You had one spell level left.
You didn't know any spells.
Your spell library was empty.

Dungeon Overview and Level Annotations

Branches:
Dungeon (2/15)

Altars:
Ashenzari
Sif Muna


Innate Abilities, Weirdness & Mutations

You have a pair of small horns on your head.


Message History

The orc wizard is severely wounded.
The orc wizard points at you and mumbles some strange words.
You are confused.
The orc wizard hits you but does no damage.
The orc priest calls upon Beogh to heal the orc wizard.
The orc wizard is healed somewhat.
You hear an angry hiss.
The orc wizard hits you but does no damage.
The orc priest calls down the wrath of Beogh upon you.
Beogh smites you!
An adder comes into view.
It was a potion of degeneration.
There was something very wrong with that liquid.
You feel weakened.
You feel dopey.
You feel clumsy. The orc hits you with a short sword.
* * * LOW HITPOINT WARNING * * *
The orc wizard barely misses you.
The orc priest calls down the wrath of Beogh upon you.
Beogh smites you!
You die...

#....# ##o##.⌠ .... #
##.##.####...#?##....
#.##...#........#....)..
#...........#...#.......
#...#.....####.......
#.#...#..o.o.S#
#......#..##..#
##......>#.##oo#
#..........##@.#
##.......####..#
##.....#>..#..#
##........#..#
...(.......#..##
########..#....#
##.#.#..# #.._..)#
###.#<.#


You could see an orc priest, an orc wizard, an adder and an orc.

Vanquished Creatures
  A worm (D:2)
  A leopard gecko (D:1)
  2 ball pythons (D:1)
  A giant cockroach (D:2)
  3 goblins (D:1)
  3 hobgoblins
  A frilled lizard (D:1)
  5 kobolds (D:1)
  3 rats (D:1)
20 creatures vanquished.

Notes
Turn   | Place    | Note
-------+----------+-------------------------------------------
     0 | Abyss:1  | 4FPSwarrior the Demonspawn Abyssal Knight began the quest
                  | for the Orb.
     0 | Abyss:1  | Reached XP level 1. HP: 18/18 MP: 2/2
    39 | Abyss:1  | Noticed a large abomination
    89 | Abyss:1  | Found a corrupted altar of Lugonu.
   159 | Abyss:1  | Noticed a wretched star
   161 | D:1      | Escaped the Abyss
   342 | D:1      | Gained mutation: You have a pair of small horns on your
                  | head. [demonic ancestry]
   342 | D:1      | Reached XP level 2. HP: 24/24 MP: 3/3
   944 | D:2      | Found a deep blue altar of Sif Muna.
   956 | D:2      | Reached * piety under Lugonu
  1142 | D:2      | Found a shattered altar of Ashenzari.
  1170 | D:2      | Killed from afar by an orc priest

Skill      XL: |  1  2 |
---------------+-------+-----
Long Blades    | 2 3 |  3.1
Fighting       | |  3.0
Armour         | |  1.7
Dodging        | |  0.8
Invocations    | |  2.4

Action                   || total
-------------------------++-------
Melee: Falchion          ||    66
       Headbutt          ||     2
Throw: Stone             ||    25
Invok: Depart the Abyss  ||     1
  Use: Potion            ||     1
  Eat: Chunk             ||     1
Armor: Ring mail         ||    28
Dodge: Dodged            ||    27
       Rpst.: Falchion   ||     7
